 Dungeon Crawl Stone Soup version 0.30-a0-1066-g63dfefce0d (webtiles) character file.

Game seed: 12686064723602349634

46 Newt the Shooter (level 3, -6/24 HPs)
             Began as a Kobold Hunter on Apr 12, 2023.
             Mangled by an orc priest
             ... wielding a +0 trident
              (9 damage)
             ... on level 2 of the Dungeon.
             The game lasted 00:00:53 (1016 turns).

Newt the Shooter (Kobold Hunter)                    Turns: 1016, Time: 00:00:54

Health: -6/24      AC:  3    Str:  8    XL:     3   Next: 92%
Magic:  3/3        EV: 14    Int: 10    God:
Gold:   78         SH:  0    Dex: 20    Spells: 2/2 levels left

rFire   . . .      SeeInvis .    a - +0 shortbow
rCold   . . .      Faith    .    (shield currently unavailable)
rNeg    . . .      Spirit   .    c - +0 leather armour
rPois   .          Reflect  .    (no helmet)
rElec   .          Rampage  .    (no cloak)
rCorr   .                        (no gloves)
Will    .....                    (no boots)
Stlth   +++                      (no amulet)
HPRegen 0.24/turn                (no ring)
MPRegen 0.08/turn                (no ring)

@: no status effects
A: small, no large weapons, nightstalker 3
a: no special abilities


You were on level 2 of the Dungeon.
You visited 1 branch of the dungeon, and saw 2 of its levels.

You collected 78 gold pieces.

Inventory:

Hand Weapons
 a - a +0 shortbow (weapon)
Armour
 c - a +0 leather armour (worn)
Scrolls
 b - a scroll of immolation
 g - a scroll of magic mapping
Potions
 e - 2 potions of degeneration


   Skills:
 - Level 4.0 Fighting
 + Level 5.7 Ranged Weapons
 - Level 2.4 Dodging
 - Level 1.3 Stealth


You had 2 spell levels left.
You didn't know any spells.
Your spell library contained the following spells:

 Spells                   Type           Power      Damage    Failure   Level
 Scorch                   Fire           0%         2d5       63%         2
 Frozen Ramparts          Ice            0%         1d1       86%         3
 Flame Wave               Conj/Fire      0%         2d4       99%         4
 Sticky Flame             Conj/Fire      0%         2d3       99%         4
 Summon Cactus Giant      Summ           0%         N/A       100%        6
 Ozocubu's Refrigeration  Ice            0%         4d7       100%        7


Dungeon Overview and Level Annotations

Branches:
Dungeon (2/15)

Altars:


Innate Abilities, Weirdness & Mutations

You are small and have problems with some larger weapons.
You are completely attuned to the shadows.


Message History

You are too injured to fight recklessly!
You are too injured to fight recklessly!
You are too injured to fight recklessly!
You are too injured to fight recklessly!
You are too injured to fight recklessly!
You shoot an arrow. The arrow hits the orc.
You kill the orc!
You start resting.
HP restored.
You start waiting.
Done waiting.
You climb downwards.
The orc priest invokes the aid of Beogh against you.
Pain shoots through your body!
There is a stone staircase leading up here.
Unknown command.
You shoot an arrow. The arrow hits the orc priest.
The orc priest is lightly wounded.
The orc priest barely misses you.
You shoot an arrow. The arrow hits the orc priest!
The orc priest is severely wounded.
The orc priest hits you from afar with a +0 trident.
You are too injured to fight recklessly!
Fire: a) +0 shortbow
Press: ? - help, Shift-Dir - straight line, f/p - orc priest
Aim: an orc priest, wielding a +0 trident and wearing a +0 leather armour (severely wounded, 66% to hit)
You shoot an arrow.
The arrow hits the orc priest but does no damage.
The orc priest is severely wounded.
The orc priest misses you.
Fire: a) +0 shortbow
Press: ? - help, Shift-Dir - straight line, f/p - orc priest
Aim: an orc priest, wielding a +0 trident and wearing a +0 leather armour (severely wounded, 66% to hit)
You shoot an arrow.
The arrow closely misses the orc priest.
The orc priest invokes the aid of Beogh against you.
Pain shoots through your body!
* * * LOW HITPOINT WARNING * * *
The orc priest hits you from afar with a +0 trident!
You die...

.....# #..######****,,**
##.### #..#,,,,,,,,,,,,*
#.# #..#,,,,,,,,,,,** #.#
******###..####*********
#.# *,,,,,.........,* #.#
***,****####.####,* #.#
*,,,,,,,........#,* #.#
*,*,###########.#,* #.#
*,*,#.....@####.#,* #.#
*,*,#)##........#,* #.#
*,*,#.##o######.#,*
#.####,*,#.##o#......#,*
#...<#,*,#.##.#.####.#,*
*######,*,#....#......#,*
,,,,,,,,*,####.########,*
*********,.o.).....,,,,,*
**####.####****,*


You could see an orc priest and an orc wizard.

Vanquished Creatures
  An adder (D:2)
  A dart slug (D:2)
  3 orcs
  3 ball pythons
  2 endoplasms (D:1)
  A giant cockroach (D:1)
  3 goblins
  3 hobgoblins (D:1)
  3 jackals (D:2)
  3 kobolds
  2 quokkas
  A frilled lizard (D:1)
  2 rats (D:1)
28 creatures vanquished.

Notes
Turn   | Place    | Note
-------+----------+-------------------------------------------
     0 | D:1      | Newt the Kobold Hunter began the quest for the Orb.
     0 | D:1      | Reached XP level 1. HP: 12/12 MP: 1/1
    72 | D:1      | Reached XP level 2. HP: 15/18 MP: 2/2
   168 | D:1      | Got the Quarto of the Igneous Wendigo
   676 | D:2      | Reached XP level 3. HP: 23/24 MP: 3/3
  1016 | D:2      | Mangled by an orc priest

Illustrated notes

Levels and vault maps discovered:
D:1:      minmay_arrival_four_circles, layout_basic
D:2:      layout_basic, serial_shops, shop

Skill      XL: |  1  2  3 |
---------------+----------+-----
Fighting       | 3 4 |  4.0
Ranged Weapons | |  5.7
Dodging        | |  2.4
Stealth        | |  1.3

Action                     || total
---------------------------++-------
  Melee: Shortbow          ||     1
   Fire: Shortbow          ||    68
    Use: Scroll            ||     3
 Armour: Leather armour    ||    10
  Dodge: Dodged            ||    26

Table legend: (Time is in decaauts)
 A = Elapsed time spent in this place.
 B = Non-inter-level travel time spent in this place.
 C = Inter-level travel time spent in this place.
 D = Time resting spent in this place.
 E = Time spent auto-exploring this place.
 F = Levels seen in this place.
 G = Mean time per level.
                   A        B        C        D        E       F      G
               +--------+--------+--------+--------+--------+-----+--------+
         Total |   1036 |   1020 |     16 |    154 |    727 |   2 |  518.0 |
       Dungeon |   1036 |   1020 |     16 |    154 |    727 |   2 |  518.0 |
               +--------+--------+--------+--------+--------+-----+--------+

Top non-repeatable levels by time:
     D:1: 812 daAuts
     D:2: 224 daAuts
